 Dungeon Crawl Stone Soup version 0.27.1-1-g398f81649c (webtiles) character file.

Game seed: 12032583104346708813

1143 Descartes the Sneak (level 8, -12/41 HPs)
             Began as a Deep Elf Earth Elementalist on Sept 6, 2021.
             Mangled by a wight (23 damage)
             ... on level 5 of the Dungeon.
             The game lasted 00:18:59 (5880 turns).

Descartes the Sneak (Deep Elf Earth Elementalist)   Turns: 5880, Time: 00:18:59

Health: -12/41     AC:  4    Str:  5    XL:     8   Next: 15%
Magic:  5/17       EV: 14    Int: 23    God:
Gold:   205        SH:  0    Dex: 15    Spells: 7/17 levels left

rFire    + . .     SeeInvis .   o - +2 short sword (protect)
rCold    . . .     Faith    .   (no shield)
rNeg     . . .     Spirit   .   y - +2 robe {rF+}
rPois    .         Reflect  .   (no helmet)
rElec    .         Harm     .   (no cloak)
rCorr    .         Rampage  .   (no gloves)
Will     .....                  (no boots)
Stlth    +++.......             (no amulet)
HPRegen  0.13/turn              (no ring)
MPRegen  0.15/turn              (no ring)

@: no status effects
A: no striking features
a: no special abilities


You were on level 5 of the Dungeon.
You visited 1 branch of the dungeon, and saw 5 of its levels.

You collected 275 gold pieces.
You spent 70 gold pieces at shops.

Inventory:

Hand Weapons
 f - a +0 club
 k - a +0 short sword
 o - a +2 short sword of protection (weapon)
 p - a +2 flail of venom
 w - a +0 shortbow
 D - a +0 hunting sling
 F - a +0 hand crossbow
Missiles
 c - 110 stones
 d - 86 bolts
 g - 128 arrows
 j - 51 sling bullets
 s - a throwing net
 u - 6 silver boomerangs
 v - 3 boomerangs
Armour
 y - a +2 robe of fire resistance (worn)
Magical Staves
 b - a staff of conjuration
Wands
 t - a wand of flame (29)
 A - a wand of paralysis (7)
Scrolls
 a - 6 scrolls of teleportation {unknown}
 e - a scroll of vulnerability {unknown}
 m - 2 scrolls of enchant weapon {unknown}
 q - 3 scrolls of noise {unknown}
 x - a scroll of amnesia {unknown}
 B - a scroll of identify
Potions
 h - a potion of invisibility {unknown}
 i - 3 potions of brilliance
 l - 3 potions of attraction
 n - 2 potions of haste {unknown}
 r - a potion of heal wounds {unknown}
 z - a potion of mutation {unknown}
 C - 2 potions of resistance {unknown}
 E - a potion of ambrosia {unknown}


   Skills:
 + Level 6.0 Dodging
 + Level 6.4 Stealth
 - Level 5.0 Spellcasting
 + Level 4.5 Conjurations
 - Level 1.1 Transmutations
 + Level 6.0 Earth Magic


You had 7 spell levels left.
You knew the following spells:

 Your Spells              Type           Power      Damage    Failure   Level
a - Sandblast             Erth           66%        2d15      1%          1
b - Stone Arrow           Conj/Erth      60%        3d10      3%          3
c - Passwall              Tmut/Erth      18%        N/A       3%          2
d - Petrify               Tmut/Erth      22%        N/A       22%         4

Your spell library contained the following spells:

 Spells                   Type           Power      Damage    Failure   Level
 Beastly Appendage        Tmut           20%        N/A       6%          1
 Wereblood                Tmut           10%        N/A       9%          2
 Spider Form              Tmut/Pois      4%         N/A       22%         3


Dungeon Overview and Level Annotations

Branches:
Dungeon (5/15)
 Temple: D:4-7

Altars:
Cheibriados
Trog

Shops:
D:4 ([*(=

Annotations:
D:2 Terence
D:3 !


Message History

The blast of sand hits the wight!
The wight is almost destroyed.
The wight misses you.
Casting: Sandblast (safe; 1% risk of failure)
Confirm with . or Enter, or press ? or * to list all spells.
Aiming: Sandblast (safe; 1% risk of failure)
Press: ? - help, Shift-Dir - straight line, f/p - wight
Aim: a wight, wielding a +4 flail and wearing a +0 robe (almost destroyed, 82% to hit)
The blast of sand misses the wight.
The blast of sand hits the goblin!
You kill the goblin!
The wight closely misses you.
Casting: Sandblast (safe; 1% risk of failure)
Confirm with . or Enter, or press ? or * to list all spells.
Aiming: Sandblast (safe; 1% risk of failure)
Press: ? - help, Shift-Dir - straight line, f/p - wight
Aim: a wight, wielding a +4 flail and wearing a +0 robe (almost destroyed, 82% to hit)
The blast of sand hits the wight!
You destroy the wight!
Your life force feels restored.
Your Earth Magic skill increases to level 6!
Casting: Sandblast (safe; 1% risk of failure)
Confirm with . or Enter, or press ? or * to list all spells.
Aiming: Sandblast (safe; 1% risk of failure)
Press: ? - help, Shift-Dir - straight line, f - wight
Aim: a wight, wielding a +2 dagger of distortion and wearing a +0 robe (82% to hit)
The blast of sand hits the wight!
The wight is severely damaged.
The wight misses you.
Casting: Sandblast (safe; 1% risk of failure)
Confirm with . or Enter, or press ? or * to list all spells.
Aiming: Sandblast (safe; 1% risk of failure)
Press: ? - help, Shift-Dir - straight line, f/p - wight
Aim: a wight, wielding a +2 dagger of distortion and wearing a +0 robe (severely damaged, 82% to hit)
The blast of sand hits the wight.
The wight is almost destroyed.
The wight hits you with a +2 dagger of distortion.
* * * LOW HITPOINT WARNING * * *
Space warps horribly around you!!
Ouch! That really hurt!
You die...

≈≈≈≈≈≈≈≈.....≈≈≈≈≈≈≈≈≈≈≈≈≈≈≈≈≈≈≈≈
≈≈≈≈≈≈≈≈≈....≈≈≈≈≈≈≈≈≈≈≈≈≈≈≈≈≈≈≈≈
≈≈≈≈≈≈≈≈≈....≈≈≈≈≈≈≈≈≈≈≈≈≈≈≈≈≈≈≈≈
.≈≈≈≈.≈≈≈....≈zz≈.≈.≈.≈≈≈≈.≈≈≈≈≈≈
..........)....g.................
................[z...............
..............................>..
#####.###############).#####.#.<.
................@zz))..#.........
............##########.#.#####.##
.......###...............##......
.####### #...#.##.####.####.#....
.# #....................... .#
#.....##)####.####.#.### .#
#..#...............#.### .#
#####..#...#.####.####.#.... .#
#..........#.........#.#.#..


You could see 2 wights.

Vanquished Creatures
  Eustachio (D:5)
  An orc warrior (D:5)
  A black bear (D:4)
  A centaur (D:5)
  A scorpion (D:4)
  A water moccasin zombie (D:5)
  3 wights (D:5)
  A bullfrog zombie (D:5)
  A jelly (D:4)
  A bullfrog skeleton (D:4)
  A hound (D:5)
  Ijyb (D:3)
  4 iguanas
  8 gnolls
  4 adders
  An adder skeleton (D:4)
  A worm (D:2)
  16 orcs
  6 endoplasms
  3 giant cockroaches
  20 goblins
  22 hobgoblins
  4 jackals (D:1)
  4 quokkas
  5 ball pythons
  4 bats
  2 frilled lizards
  10 kobolds
  5 rats
133 creatures vanquished.

Vanquished Creatures (others)
  3 demonic plants (D:2)
  4 fungi (D:2)
  5 plants (D:2)
  A withered plant (D:2)
13 creatures vanquished.

Grand Total: 146 creatures vanquished

Notes
Turn   | Place    | Note
-------+----------+-------------------------------------------
     0 | D:1      | Descartes the Deep Elf Earth Elementalist began the quest
                  | for the Orb.
     0 | D:1      | Reached XP level 1. HP: 10/10 MP: 6/6
   207 | D:1      | You fall into a shaft and drop 1 floor!
   215 | D:2      | Reached XP level 2. HP: 15/15 MP: 6/8
   241 | D:2      | Reached XP level 3. HP: 19/19 MP: 5/9
   325 | D:2      | Learned a level 3 spell: Stone Arrow
   483 | D:2      | Noticed Terence
  1728 | D:2      | Reached XP level 4. HP: 24/24 MP: 5/10
  1981 | D:2      | Found a faded altar of an unknown god.
  2118 | D:2      | Reached skill level 1 in Conjurations
  2291 | D:1      | Reached XP level 5. HP: 12/28 MP: 8/11
  2917 | D:3      | Learned a level 2 spell: Passwall
  3233 | D:4      | Found Koacwic's General Store.
  3285 | D:4      | Bought a scroll of identify for 28 gold pieces
  3285 | D:4      | Bought a potion of curing for 42 gold pieces
  3311 | D:4      | Found Qoten's Antique Weapon Shoppe.
  3383 | D:4      | Noticed Ijyb
  3409 | D:3      | Killed Ijyb
  3410 | D:3      | Reached XP level 6. HP: 13/32 MP: 2/13
  3702 | D:4      | Found Jeehidgh's Armour Shoppe.
  3750 | D:4      | Found Coleg's Antique Weapon Boutique.
  3785 | D:4      | Found Hiwar's Jewellery Boutique.
  3879 | D:4      | Found a bloodstained altar of Trog.
  3888 | D:4      | Found a snail-covered altar of Cheibriados.
  3926 | D:4      | Reached skill level 5 in Stealth
  3930 | D:4      | Reached skill level 5 in Earth Magic
  4353 | D:5      | Entered Level 5 of the Dungeon
  4384 | D:5      | Noticed an orc warrior
  4397 | D:5      | Killed an orc warrior
  4398 | D:5      | Reached skill level 5 in Dodging
  4398 | D:5      | Reached XP level 7. HP: 14/36 MP: 13/15
  5136 | D:5      | Noticed Eustachio
  5145 | D:5      | Killed Eustachio
  5146 | D:5      | Reached skill level 5 in Spellcasting
  5577 | D:5      | Learned a level 4 spell: Petrify
  5831 | D:5      | Reached XP level 8. HP: 41/41 MP: 14/17
  5880 | D:5      | Mangled by a wight

Illustrated notes

Levels and vault maps discovered:
D:1:      lightli_arrival_statue_moat, layout_basic
D:2:      layout_rooms, shapermc_ecumenical_altar_gd, uniq_terence
D:3:      layout_rooms, minmay_misc_feat_plants
D:4:      layout_rooms, mainiacjoe_overflow_swirl, serial_shops, shop,
          nicolae_lakefront_shop, kennysheep_little_box, shop, serial_rivers,
          chequers_serial_rivers_room_a, chequers_serial_rivers_marsh,
          chequers_serial_rivers_room_a, chequers_serial_rivers_room_b,
          chequers_serial_rivers_micro_b, nicolae_stop_n_shop_2, uniq_ijyb
D:5:      minmay_goblin_kobold_castle, layout_basic, uniq_eustachio

Skill      XL: |  1  2  3  4  5  6  7  8 |
---------------+-------------------------+-----
Stealth        | 3 4 5 6 |  6.4
Dodging        | 3 4 5 6 |  6.0
Earth Magic    | 4 5 6 |  6.0
Conjurations   | 1 2 3 4 |  4.5
Spellcasting   | 4 5 |  5.0
Transmutations | |  1.1

Action                   |  1- 3 |  4- 6 |  7- 9 || total
-------------------------+-------+-------+-------++-------
Melee: Short sword       |     9 |     5 |     5 ||    19
       Club              |     6 |       |       ||     6
 Cast: Sandblast         |    31 |    91 |    78 ||   200
       Stone Arrow       |     5 |       |       ||     5
Evoke: Wand              |       |     2 |       ||     2
  Use: Scroll            |       |     2 |       ||     2
       Potion            |       |     1 |       ||     1
 Stab: Sleeping          |     2 |       |       ||     2
       Paralysed         |       |     5 |     1 ||     6
Armor: Robe              |     1 |     3 |    10 ||    14
Dodge: Dodged            |     8 |    16 |    33 ||    57
